 Dungeon Crawl Stone Soup version 0.27-a0-291-gd9602db6ee (webtiles) character file.

Game seed: 5801668831767208032

10147 telepus the Fighter (level 11, -2/82 HPs)
             Began as an Octopode Delver on Feb 9, 2021.
             Was an Initiate of Uskayaw.
             Slain by a gargoyle
             ... wielding a +0 flail
              (18 damage)
             ... on level 10 of the Dungeon.
             The game lasted 00:15:15 (14159 turns).

telepus the Fighter (Octopode Delver)              Turns: 14159, Time: 00:15:16

Health: -2/82      AC:  1    Str: 19    XL:     11   Next: 57%
Magic:  13/16      EV: 19    Int: 15    God:    Uskayaw [......]
Gold:   663        SH:  0    Dex: 19    Spells: 10/10 levels left

rFire    + . .     SeeInvis .   u - +8 dagger of Overwhelming Force {chaos, rPois rF+ Str+6}
rCold    . . .     Faith    .   (no shield)
rNeg     . . .     Spirit   .   (helmet restricted)
rPois    +         Reflect  .   G - amulet of regeneration (curse)
rElec    .         Harm     .   B - +6 ring of dexterity
rCorr    +         Rampage  .   g - ring of flight (curse)
Will     .....                  i - ring of resist corrosion
Stlth    +++++.....             (no ring)
HPRegen  0.63/turn              (no ring)
MPRegen  0.15/turn              (no ring)
                                (no ring)
                                (no ring)

@: studying Shields
A: almost no armour, stealthy swim, amphibious, 8 rings, constrict 8, camouflage
1, mutation resistance 1, gelatinous body 1
a: Renounce Religion, Evoke Flight


You were on level 10 of the Dungeon.
You worshipped Uskayaw.
Uskayaw was noncommittal.
You visited 1 branch of the dungeon, and saw 10 of its levels.
You also visited: Bailey.

You collected 789 gold pieces.
You spent 126 gold pieces at shops.

Inventory:

Hand Weapons
 a - a +0 short sword
 n - a -2 whip
 p - a +3 dagger of speed
 s - a +3 quarterstaff of chaos
 u - the +8 dagger of Overwhelming Force (weapon) {chaos, rPois rF+ Str+6}
   (You found it on level 4 of the Dungeon)

   Each time it hits an enemy it has a different, random effect.
   It affects your strength (+6).
   It protects you from fire.
   It protects you from poison.
Missiles
 o - 68 poisoned darts (quivered)
 C - 18 javelins
Jewellery
 g - a cursed ring of flight (right tentacle)
 i - a ring of resist corrosion (on tentacle)
 B - a +6 ring of dexterity (left tentacle)
 G - a cursed amulet of regeneration (around mantle)
 L - a cursed amulet of inaccuracy {unknown}
 O - an uncursed ring of wizardry {unknown}
Wands
 E - a wand of mindburst (19)
 H - a wand of acid (4) {@v1}
 M - a wand of random effects (22)
Scrolls
 b - 5 scrolls of fog
 c - 3 scrolls of enchant weapon
 d - 3 scrolls of fear
 j - 2 scrolls of magic mapping {@r5}
 m - 4 scrolls of immolation
 q - 8 scrolls of remove curse {@r2}
 r - 2 scrolls of noise
 v - a scroll of teleportation {@r3}
 y - 3 scrolls of silence
 z - 2 scrolls of amnesia
 K - a scroll of acquirement {unknown}
Potions
 e - 2 potions of mutation
 h - 4 potions of brilliance
 k - 2 potions of might {@q3}
 l - 3 potions of curing {@q1}
 t - 2 potions of flight {unknown}
 w - a potion of berserk rage
 x - 2 potions of ambrosia
 A - a potion of cancellation {unknown}
 D - a potion of degeneration {unknown}
 F - a potion of lignification {unknown}
 I - 2 potions of heal wounds {@q2}
 J - a potion of magic {unknown}
 N - a potion of attraction {unknown}


   Skills:
 + Level 10.6 Fighting
 * Level 10.3 Short Blades
 + Level 7.5 Dodging
 - Level 6.6 Stealth
 + Level 7.8 Invocations
 * Level 3.3 Evocations


You had 10 spell levels left.
You didn't know any spells.
Your spell library contained the following spells:

 Spells                   Type           Power        Failure   Level
 Corona                   Hex            0%           26%         1
 Freeze                   Ice            0%           26%         1
 Ensorcelled Hibernation  Hex/Ice        0%           38%         2
 Confusing Touch          Hex            0%           63%         3
 Dazzling Flash           Conj/Hex       0%           63%         3
 Frozen Ramparts          Ice            0%           63%         3
 Ozocubu's Armour         Ice            0%           63%         3
 Tukima's Dance           Hex            0%           63%         3
 Hailstorm                Conj/Ice       0%           95%         4
 Summon Ice Beast         Ice/Summ       0%           95%         4


Dungeon Overview and Level Annotations

Branches:
Dungeon (10/15)            Temple (0/1) D:5            Lair (0/6) D:10
    Orc (0/2) D:9          Bailey (visited)

Altars:
Ashenzari
Cheibriados
Dithmenos
Gozag
Hepliaklqana
Kikubaaqudgha
Nemelex Xobeh
Trog
Uskayaw
Xom
Beogh

Shops:
D:4 *

Annotations:
D:5 2 transporters, ReteAZ's ghost, weakling OgDe


Innate Abilities, Weirdness & Mutations

You cannot wear most types of armour.
You are very stealthy in the water. (Stealth+)
You are amphibious.
You can wear up to eight rings at the same time.
You can use your tentacles to constrict eight enemies at once.
Your skin changes colour to match your surroundings (Stealth+).
Your rubbery body absorbs attacks. (AC +1, EV +1)
You are somewhat resistant to further mutation.


Message History

No target in view!
No target in view!
You hit something but do no damage. Something hits you!
You closely miss something. You squeeze something.
You hit something but do no damage. Something hits you!
You hit something but do no damage. Your squeeze misses something.
You stomp with the beat, sending a shockwave through the revellers around you!
You can no longer stomp with the beat.
Something closely misses you.
You closely miss something. You squeeze something.
You hit something but do no damage. You squeeze something. Something hits you.
You hit something. You burn something. You hit something but do no damage.
A stone arrow appears from out of thin air!
The stone arrow hits you!!
* * * LOW HITPOINT WARNING * * *
You barely miss something. You squeeze something.
You hit something but do no damage.
Nothing appears to happen.
Something hits you!!
You die...

.##.####..###.....# ##.####.#
..#....#.....#....# #.......#
#.#.##.#.###.####.#######..######
#...#.....##.#.........##..### #
..#.#........#.........##....####
#.#.#.#.........#####..##..#.....
#.#...#.........#/!!#..##.##.....
#...............#{/$#..##........
#######<........@($/......###....
#..............#####..##.#.#....
#.####.....[..........##.#......
##.# ####.............##.#.#....
...# #.......#####....#.#....
.### #.......# ####........ .#
##.......# ########. .#
#........# #. .##### #........#
#.


There were no monsters in sight!

Vanquished Creatures
  Harold (D:8)
  The ghost of Soborki the Cleaver, a novice MiBe of Trog (D:9)
  An unseen horror (D:10)
  Pikel (D:6)
  A mana viper (shapeshifter) (D:8)
  Maggie (D:8)
  A guardian serpent (shapeshifter) (D:9)
  A troll (D:10)
  Sigmund (D:2)
  A warg (D:9)
  3 water moccasins
  A swamp drake (Bailey)
  3 sky beasts
  2 black bears (D:10)
  12 orc warriors
  3 ice beasts
  3 ogres
  A tengu (Bailey)
  11 centaurs
  2 phantoms
  3 kobold brigands
  4 lemures (D:6)
  3 bullfrogs
  A water moccasin zombie (D:10)
  3 scorpions
  10 killer bees
  3 howler monkeys
  3 wights (D:6)
  A bullfrog zombie (D:6)
  A quasit (D:6)
  4 hounds
  3 jellies
  A gnoll shaman (D:7)
  6 orc priests
  Crazy Yiuf (D:2)
  3 bullfrog skeletons
  2 iguanas
  Natasha (thrice) (D:2)
  6 orc wizards
  8 worker ants
  4 gnolls (D:7)
  11 adders
  5 shadow imps
  3 white imps
  5 ufetubi
  An ooze (D:5)
  3 worms
  2 dart slugs
  11 leopard geckos
  53 orcs
  7 giant cockroaches
  6 goblins
  3 hobgoblins
  9 jackals
  18 kobolds
  4 quokkas
  8 bats
  4 frilled lizards
  A jackal skeleton (D:6)
  3 rats
281 creatures vanquished.

Notes
Turn   | Place    | Note
-------+----------+-------------------------------------------
     0 | D:5      | telepus the Octopode Delver began the quest for the Orb.
     0 | D:5      | Reached XP level 1. HP: 16/16 MP: 1/1
    24 | D:5      | Noticed a water moccasin
    40 | D:4      | Found a hide-covered altar of Uskayaw.
    40 | D:4      | Noticed a hound
    48 | D:4      | Killed a hound
    49 | D:4      | Reached XP level 2. HP: 15/22 MP: 2/2
    49 | D:4      | Reached XP level 3. HP: 19/27 MP: 3/3
   115 | D:4      | Noticed an ogre
   257 | D:3      | Found a sparkling altar of Nemelex Xobeh.
   730 | D:3      | Reached XP level 4. HP: 33/34 MP: 4/4
   864 | D:3      | Reached skill level 5 in Fighting
  1421 | D:2      | Noticed Natasha
  1426 | D:2      | Killed Natasha
  1546 | D:2      | Found a runed translucent door.
  1547 | D:2      | Noticed Crazy Yiuf
  1606 | D:2      | Reached XP level 5. HP: 40/40 MP: 5/5
  1631 | D:2      | Noticed Natasha
  1637 | D:2      | Killed Natasha
  1639 | D:2      | Found a bloodstained altar of Trog.
  1743 | D:2      | Noticed Sigmund
  3479 | D:2      | Killed Crazy Yiuf
  3480 | D:2      | Reached XP level 6. HP: 47/47 MP: 6/6
  3505 | D:2      | Noticed Natasha
  3513 | D:2      | Killed Natasha
  3559 | D:2      | Killed Sigmund
  3712 | D:3      | Reached XP level 7. HP: 27/54 MP: 7/7
  3969 | D:4      | Got a smouldering dagger
  3970 | D:4      | Identified the +8 dagger of Overwhelming Force {chaos,
                  | rPois rF+ Str+6} (You found it on level 4 of the Dungeon)
  3986 | D:4      | Became a worshipper of Uskayaw the Reveller
  3989 | D:4      | Reached * piety under Uskayaw
  4173 | D:4      | Reached ** piety under Uskayaw
  4306 | D:4      | Reached skill level 1 in Invocations
  4335 | D:4      | Found Etwenoy's Assorted Antiques.
  4338 | D:4      | Bought a fuming dark potion for 24 gold pieces
  4338 | D:4      | Bought a smoky amethyst potion for 24 gold pieces
  4338 | D:4      | Bought a silvery potion for 24 gold pieces
  4338 | D:4      | Bought a scroll of fog for 54 gold pieces
  4933 | D:5      | Found a transporter.
  4938 | D:5      | Found a transporter.
  4941 | D:5      | Noticed ReteAZ's ghost (weakling OgDe)
  4948 | D:5      | Found a transporter.
  4958 | D:5      | Reached *** piety under Uskayaw
  5105 | D:5      | Found a staircase to the Ecumenical Temple.
  5233 | D:5      | Found a transporter.
  5288 | D:5      | Reached XP level 8. HP: 61/61 MP: 9/9
  5332 | D:5      | Found a shadowy altar of Dithmenos.
  5350 | D:5      | Found a hazy altar of Hepliaklqana.
  6153 | D:6      | Gained mutation: You are somewhat resistant to further
                  | mutation. [potion of mutation]
  6160 | D:6      | HP: 2/56 [bullfrog zombie (6)]
  6171 | D:6      | Reached **** piety under Uskayaw
  6174 | D:6      | Reached ***** piety under Uskayaw
  6882 | D:6      | Noticed Pikel
  6910 | D:6      | Killed Pikel
  6911 | D:6      | Reached skill level 5 in Short Blades
  6911 | D:6      | Reached XP level 9. HP: 31/67 MP: 11/11
  8582 | D:7      | Reached skill level 5 in Dodging
  8582 | D:7      | Reached skill level 5 in Invocations
  9041 | D:8      | Found a shimmering altar of Xom.
  9089 | D:8      | Noticed Maggie
  9106 | D:8      | Killed Maggie
  9154 | D:8      | Reached XP level 10. HP: 74/74 MP: 14/14
  9222 | D:8      | Found an opulent altar of Gozag.
  9222 | D:8      | Found a broken altar of Ashenzari.
  9248 | D:8      | Noticed Harold
  9377 | D:8      | Noticed a glowing shapeshifter
  9377 | D:8      | a killer bee changed into a glowing shapeshifter
  9378 | D:8      | Noticed a mana viper
  9378 | D:8      | a glowing shapeshifter changed into a mana viper
  9380 | D:8      | Killed a mana viper
  9404 | D:8      | Reached ****** piety under Uskayaw
  9410 | D:8      | Killed Harold
  9751 | D:8      | Reached skill level 10 in Fighting
 10692 | D:9      | Found an ancient bone altar of Kikubaaqudgha.
 10698 | D:9      | Noticed Soborki's ghost (novice MiBe)
 10699 | D:9      | Found a runed translucent door.
 10888 | D:9      | Noticed a boulder beetle
 10895 | D:9      | a boulder beetle changed into a warg
 11071 | D:9      | Found a staircase to the Orcish Mines.
 11074 | D:9      | Found a snail-covered altar of Cheibriados.
 11074 | D:9      | Found a roughly hewn altar of Beogh.
 11080 | D:9      | Noticed a two-headed ogre
 11321 | D:9      | Noticed a guardian serpent
 11321 | D:9      | a shapeshifter changed into a guardian serpent
 11333 | D:9      | Killed a guardian serpent
 11508 | D:9      | Killed Soborki's ghost
 11568 | D:9      | Reached XP level 11. HP: 63/81 MP: 16/16
 11608 | D:10     | Entered Level 10 of the Dungeon
 11613 | D:10     | Found a flagged portal.
 11656 | Bailey   | Entered a bailey
 12204 | Bailey   | Reached skill level 10 in Short Blades
 12204 | Bailey   | Reached skill level 1 in Evocations
 13401 | D:10     | Killed an unseen horror
 13665 | D:10     | Found a staircase to the Lair.
 14159 | D:10     | Slain by a gargoyle

Illustrated notes

Levels and vault maps discovered:
D:1:      giann_horns, layout_basic, serial_glass, glass_columns_c,
          glass_columns_a, grunt_decor_arrowhead
D:2:      layout_basic, trog_butcher_becter, uniq_crazy_yiuf_cottage,
          uniq_natasha, uniq_sigmund
D:3:      layout_loops_ring, nemelex_xobeh_ov_fountains_minmay,
          kennysheep_small_spiral
D:4:      layout_cave_pools, eat_drink_and_be_merry_uskayaw, serial_shops,
          nicolae_shop_behind_doors
D:5:      gammafunk_wand_slinger, layout_loops_ring, lemuel_round_altar,
          minmay_temple_entry_offerings, gammafunk_ghost_hive,
          nicolae_dithmenos_the_darkroom
D:6:      layout_layer_cave, glass_columns_c, minmay_starry_boxes, uniq_pikel
D:7:      layout_rooms, hangedman_decor_peaks_small,
          chequers_serial_rivers_large_a
D:8:      layout_cave_pods, xom_teletrap_fun, gammafunk_temple_overflow_wave,
          serial_column_ruins, column_ruins_grid_1, column_ruins_grid_1,
          column_ruins_columns_straight, column_ruins_corridor_corner,
          column_ruins_open_tiny, column_ruins_columns_straight, uniq_harold,
          uniq_maggie
D:9:      layout_loops_corners, nicolae_overflow_hidden_temple,
          kiku_gazebo_garden_becter, minmay_orc_entry_temple_small,
          hellmonk_ghost_happy_afterlife, minivault_16, nrook_mini_vaults,
          minmay_microvault
D:10:     layout_basic, david_lair_shrubbed, enter_bailey_6, minivault_10,
          due_unseen_surprise

Skill      XL: |  1  2  3  4  5  6  7  8  9 10 11 |
---------------+----------------------------------+-----
Fighting       | 4 5 6 7 8 9 10 | 10.6
Invocations    | 1 3 5 7 |  7.8
Short Blades   | 3 5 7 9 10 | 10.3
Dodging        | 4 5 6 7 |  7.5
Evocations     | 3 |  3.3
Stealth        | |  6.6

Action                   |  1- 3 |  4- 6 |  7- 9 | 10-12 || total
-------------------------+-------+-------+-------+-------++-------
Melee: Short sword       |    41 |    65 |       |       ||   106
       Tentacles         |    11 |    21 |    48 |    77 ||   157
       Constrict         |    11 |    28 |    48 |    52 ||   139
       Dagger            |       |    38 |   228 |   305 ||   571
Invok: Stomp             |       |       |     1 |     4 ||     5
       Line Pass         |       |       |       |     1 ||     1
       Grand Finale      |       |       |       |     1 ||     1
Evoke: Wand              |       |       |    18 |    27 ||    45
  Use: Scroll            |     1 |     3 |     6 |     4 ||    14
       Potion            |     1 |       |     4 |     3 ||     8
 Stab: Sleeping          |     2 |    18 |    12 |    18 ||    50
       Paralysed         |       |       |     6 |    19 ||    25
       Distracted        |       |       |     3 |     2 ||     5
       Confused          |       |       |     1 |     3 ||     4
       Petrifying        |       |       |       |     1 ||     1
       Petrified         |       |       |       |     1 ||     1
Armor: Skin              |     4 |     5 |     3 |     3 ||    15
Dodge: Dodged            |    31 |    52 |   125 |   207 ||   415

Table legend: (Time is in decaauts)
 A = Elapsed time spent in this place.
 B = Non-inter-level travel time spent in this place.
 C = Inter-level travel time spent in this place.
 D = Time resting spent in this place.
 E = Time spent auto-exploring this place.
 F = Levels seen in this place.
 G = Mean time per level.
                   A        B        C        D        E       F      G
               +--------+--------+--------+--------+--------+-----+--------+
         Total |  13936 |  13388 |    548 |   2951 |   8276 |  11 | 1266.9 |
       Dungeon |  12500 |  11952 |    548 |   2475 |   7718 |  10 | 1250.0 |
        Bailey |   1436 |   1436 |      0 |    476 |    558 |   1 | 1436.0 |
               +--------+--------+--------+--------+--------+-----+--------+

Top non-repeatable levels by time:
     D:6: 2095 daAuts
     D:5: 1480 daAuts
  Bailey: 1436 daAuts
     D:8: 1423 daAuts
     D:3: 1416 daAuts
     D:2: 1337 daAuts
     D:9: 1092 daAuts
    D:10: 1017 daAuts
     D:1: 944 daAuts
     D:4: 893 daAuts
     D:7: 799 daAuts
